 Dungeon Crawl Stone Soup version 0.22-a0-109-gbeb7240 (console) character file.

247 Evablue the Shield-Bearer (level 6, -1/48 HPs)
             Began as a Formicid Fighter on Jan 27, 2018.
             Was an Initiate of Dithmenos.
             Killed by divine providence
             ... invoked by an orc priest
              (16 damage)
             ... on level 3 of the Dungeon.
             The game lasted 00:03:27 (1525 turns).

Evablue the Shield-Bearer (Formicid Fighter)        Turns: 1525, Time: 00:03:27

Health: -1/48      AC: 10    Str: 26    XL:     6   Next: 34%
Magic:  6/6        EV:  7    Int:  7    God:    Dithmenos [......]
Gold:   111        SH: 10    Dex: 13    Spells: 5/5 levels left

rFire    . . .     SeeInvis +   a - +0 war axe
rCold    . . .     Gourm    .   c - +0 shield
rNeg     . . .     Faith    .   t - +0 chain mail
rPois    .         Spirit   .   (helmet unavailable)
rElec    .         Reflect  .   l - +0 cloak
rCorr    .         Harm     .   (no gloves)
MR       .....                  (no boots)
Stlth    ..........             s - amulet of rage
HPRegen  0.16/turn              g - +3 ring of dexterity
MPRegen  0.10/turn              k - +3 ring of strength

@: no status effects
A: permanent stasis, dig shafts and tunnels, four strong arms, antennae 3
a: Dig, Shaft Self, Renounce Religion


You were on level 3 of the Dungeon.
You worshipped Dithmenos.
Dithmenos was noncommittal.
You were hungry.

You visited 1 branch of the dungeon, and saw 3 of its levels.

You collected 111 gold pieces.

Inventory:

Hand Weapons
 a - a +0 war axe (weapon)
Armour
 b - a +0 scale mail
 c - a +0 shield (worn)
 l - a +0 cloak (worn)
 t - a +0 chain mail (worn)
Jewellery
 g - a +3 ring of dexterity (left hand)
 k - a +3 ring of strength (right hand)
 s - an amulet of rage (around neck)
Scrolls
 e - 2 scrolls of fog {unknown}
 i - a scroll of blinking {unknown}
 j - 2 scrolls of teleportation {unknown}
 n - a scroll of amnesia {unknown}
 o - 2 scrolls of identify {unknown}
 q - a scroll of enchant weapon {unknown}
Potions
 d - a potion of might
 h - 2 potions of curing {unknown}
 m - a potion of brilliance {unknown}
 p - a potion of invisibility {unknown}
Comestibles
 f - 8 rations


   Skills:
 + Level 4.2 Fighting
 + Level 4.2 Axes
 + Level 4.1 Armour
 + Level 0.7 Dodging
 + Level 4.9 Shields


You had 5 spell levels left.
You didn't know any spells.

Dungeon Overview and Level Annotations

Branches:
Dungeon (3/15)

Altars:
Dithmenos
Kikubaaqudgha
Qazlal
Sif Muna
Wu Jian
Yredelemnul


Innate Abilities, Weirdness & Mutations

You cannot be hasted, slowed, berserked, paralysed or teleported.
You can dig through walls and to a lower floor.
Your four strong arms can wield two-handed weapons with a shield.
You have a pair of large antennae on your head. (SInv)


Message History

You are too injured to fight recklessly!
You are too injured to fight recklessly!
You are too injured to fight recklessly!
You are too injured to fight recklessly!
You closely miss the gnoll.
The gnoll hits you but does no damage. x2
The gnoll barely misses you.
You closely miss the gnoll. The gnoll hits you with a spear.
The gnoll hits you from afar with a spear.
* * * LOW HITPOINT WARNING * * *
You slash the gnoll!
The gnoll is heavily wounded.
You block the gnoll's attack. The gnoll barely misses you.
The gnoll hits you but does no damage.
You slash the gnoll!
You kill the gnoll!
Dithmenos accepts your kill. The gnoll barely misses you.
The orc priest mumbles some strange prayers to Beogh against you.
Beogh smites you!
You die...

##.#####.#.# #.........#.#.#
#...##.....# #...##....(....
#...<(...### #...##........#
#...##.#### #...##........#
##.#..(...# #...##.........
#.#.#.##.# #...###.......#
#.....##.####...###†)......
#.........)...............#
#.......###@............####
#......gog))###...........#
#.......##### ##.########.#
#........ ...# ... ....# ##
###.## #.


You could see an orc priest and 2 gnolls.

Vanquished Creatures
  An orc wizard (D:3)
  Natasha (thrice) (D:2)
  2 gnolls (D:3)
  4 adders
  4 worms
  2 dart slugs
  2 leopard geckos
  4 orcs (D:3)
  A ball python (D:2)
  5 giant cockroaches
  3 goblins (D:1)
  6 hobgoblins
  13 jackals (D:1)
  5 kobolds
  A quokka (D:2)
  7 bats
  4 frilled lizards
  5 rats
72 creatures vanquished.

Notes
Turn   | Place    | Note
-------+----------+-------------------------------------------
     0 | D:1      | Evablue the Formicid Fighter began the quest for the Orb.
     0 | D:1      | Reached XP level 1. HP: 18/18 MP: 1/1
     6 | D:1      | Noticed a komodo dragon
     6 | D:1      | Noticed a soldier ant
     6 | D:1      | Noticed a stone giant
    65 | D:1      | Reached XP level 2. HP: 18/24 MP: 2/2
   142 | D:1      | Reached XP level 3. HP: 23/30 MP: 3/3
   811 | D:2      | Reached XP level 4. HP: 37/37 MP: 4/4
   905 | D:2      | Found an ancient bone altar of Kikubaaqudgha.
   905 | D:2      | Found a shadowy altar of Dithmenos.
   905 | D:2      | Found a basalt altar of Yredelemnul.
   930 | D:2      | Became a worshipper of Dithmenos the Shadowed
   953 | D:2      | Noticed Natasha
   960 | D:2      | Killed Natasha
  1049 | D:2      | Reached XP level 5. HP: 40/42 MP: 5/5
  1070 | D:2      | Noticed a water elemental
  1072 | D:2      | Found a stormy altar of Qazlal.
  1080 | D:2      | Noticed a fire elemental
  1080 | D:2      | Noticed an air elemental
  1169 | D:2      | Found an ornate altar of the Wu Jian Council.
  1202 | D:2      | Noticed Natasha
  1208 | D:2      | Killed Natasha
  1288 | D:2      | Found a faded altar of an unknown god.
  1304 | D:2      | Noticed Natasha
  1306 | D:2      | Killed Natasha
  1375 | D:2      | Found a deep blue altar of Sif Muna.
  1488 | D:3      | Reached XP level 6. HP: 41/48 MP: 6/6
  1525 | D:3      | Killed from afar by an orc priest

Vault maps used:
D:1:      onia_arrival_zoo_common, minmay_tromino_mix6
D:2:      led_sif_pool, gammafunk_temple_overflow_claw, lemuel_crystal_altar,
          chequers_ecumenical_altar_twisty, st_stairs_11,
          nicolae_qazlal_style_of_elements, uniq_natasha

Skill      XL: |  1  2  3  4  5  6 |
---------------+-------------------+-----
Shields        | 4 |  4.9
Axes           | 3 4 |  4.2
Armour         | 4 |  4.1
Fighting       | 4 |  4.2
Dodging        | |  0.7

Action                   |  1- 3 |  4- 6 || total
-------------------------+-------+-------++-------
Melee: War axe           |    78 |   126 ||   204
  Eat: Chunk             |       |     2 ||     2
Armor: Scale mail        |    64 |    22 ||    86
       Chain mail        |       |    18 ||    18
Dodge: Dodged            |    36 |    44 ||    80
Block: Shield            |    53 |    66 ||   119

Table legend:
 A = Spawn XP
 B = Non-spawn XP
 C = Spawn XP percentage of total XP
 D = Spawn monster count
 E = Non-spawn monster count
 F = Spawn count percentage of total count
 G = Total turns spent on level
                    A         B        C        D         E        F      G
               +---------+---------+-------+---------+---------+-------+---------
         Total |       0 |     354 |   0.0 |       0 |      72 |   0.0 |  1525
               +---------+---------+-------+---------+---------+-------+---------
           D:1 |       0 |      57 |   0.0 |       0 |      31 |   0.0 |   645
           D:2 |       0 |     184 |   0.0 |       0 |      25 |   0.0 |   765
           D:3 |       0 |     113 |   0.0 |       0 |      16 |   0.0 |   115
               +---------+---------+-------+---------+---------+-------+---------
